 Dungeon Sprint DCSS version 0.23-a0-275-g0cf4261 (webtiles) character file.

21354 emperorscorpion the Impaler (level 12, -1/119 HPs)
             Began as a Minotaur Skald on Oct 1, 2018.
             Was the Champion of Cheibriados.
             Killed from afar by an ice dragon (29 damage)
             ... with a blast of cold
             ... in the Dungeon (Sprint IX: "|||||||||||||||||||||||||||||") on Oct 2, 2018.
             The game lasted 00:16:03 (970 turns).

emperorscorpion the Impaler (Minotaur Skald)         Turns: 970, Time: 00:16:03

Health: -1/119     AC: 21    Str: 34    XL:     12   Next: 53%
Magic:  19/23      EV: 18    Int: 25    God:    Cheibriados [******]
Gold:   0          SH:  0    Dex: 25    Spells: 19/28 levels left

rFire    . . .     SeeInvis .   a - +11 glaive "Miykh" {chop, +Fly rPois rC- Dex-5}
rCold    . . .     Gourm    .   (shield currently unavailable)
rNeg     . . .     Faith    .   b - +3 chain mail {rC+}
rPois    +         Spirit   .   N - +2 hat
rElec    .         Reflect  .   (no cloak)
rCorr    .         Harm     .   (no gloves)
MR       .....     NoTele   +   M - +1 pair of boots
Stlth    ..........             (no amulet)
HPRegen  1.29/turn              r - +2 ring of protection
MPRegen  0.18/turn              s - +3 ring of strength

@: lethally poisoned (-1 -> -1), regenerating, very slow
A: retaliatory headbutt, horns 2
a: Bend Time, Temporal Distortion, Slouch, Step From Time, Renounce Religion,
Evoke Flight


You were in the Dungeon.
You worshipped Cheibriados.
Cheibriados was exalted by your worship.
You were hungry.

You visited 1 branch You collected 1443 gold pieces.
You spent 1443 gold pieces at shops.

Inventory:

Hand Weapons
 a - the +11 glaive "Miykh" (weapon) {chop, +Fly rPois rC- Dex-5}
   (You bought it in a shop in the Dungeon)

   It inflicts extra damage upon your enemies.
   It affects your dexterity (-5).
   It makes you vulnerable to cold.
   It protects you from poison.
   It lets you fly.
 i - a +0 halberd
 p - a +0 spear
 t - a +4 scimitar of flaming
 F - a +2 halberd of venom
 J - a +1 glaive
Armour
 b - a +3 chain mail of cold resistance (worn)
 o - a +0 leather armour
 q - a +2 ring mail
 A - a +0 plate armour
 C - a +0 pair of boots
 E - the cursed +1 ring mail of Wonder {+Blink MR+ MP+9}
   (You bought it in a shop in the Dungeon)

   It affects your resistance to hostile enchantments.
   It affects your magic capacity (+9).
   It lets you blink.
   It has a curse placed upon it.
 K - a +1 large shield
 L - the +2 plate armour of the Armadillo {Regen+}
   (You found it in the Dungeon)

   It increases your rate of regeneration.
 M - a +1 pair of boots (worn)
 N - a +2 hat (worn)
 Q - a +0 troll leather armour
Jewellery
 r - a +2 ring of protection (left hand)
 s - a +3 ring of strength (right hand)
 x - an uncursed ring of see invisible
 G - an uncursed ring of protection from magic
 H - an uncursed ring of ice
 I - an uncursed ring of ice
Wands
 n - a wand of iceblast (4)
Scrolls
 j - 2 scrolls of blinking
 l - 4 scrolls of remove curse
 m - a scroll of amnesia
 w - 2 scrolls of enchant weapon
 y - 3 scrolls of fear
 z - a scroll of fog
 O - a scroll of identify
 P - 2 scrolls of enchant armour
Potions
 c - a potion of ambrosia
 e - 4 potions of curing
 f - 7 potions of heal wounds
 g - 2 potions of haste
 h - 3 potions of magic
 k - a potion of invisibility
 u - a potion of agility
 v - a potion of resistance
 B - a potion of mutation
 D - a potion of lignification {unknown}
Comestibles
 d - 11 rations


   Skills:
 + Level 15.1 Fighting
 + Level 19.3 Polearms
 + Level 10.4 Armour
 + Level 9.8 Dodging
 + Level 4.0 Stealth
 + Level 5.5 Unarmed Combat
 - Level 8.8 Spellcasting
 - Level 4.2 Hexes
 - Level 10.0 Charms
 - Level 4.3 Necromancy
 + Level 2.5 Translocations
 + Level 5.4 Evocations


You had 19 spell levels left.
You knew the following spells:

 Your Spells              Type           Power        Failure   Level  Hunger
a - Infusion              Chrm           ####         1%          1    None
b - Spectral Weapon       Hex/Chrm       #####...     3%          3    None
c - Shroud of Golubria    Chrm/Tloc      #####.....   1%          2    None
r - Regeneration          Chrm/Necr      #####.....   3%          3    None

Your spell library contained the following spells:

 Spells                   Type           Power        Failure   Level  Hunger
 Song of Slaying          Chrm           ######..     1%          2    None


Dungeon Overview and Level Annotations

Branches:
Dungeon (1/1)

Altars:
Cheibriados
Dithmenos
Elyvilon
Fedhas
Gozag
Hepliaklqana
Kikubaaqudgha
Makhleb
Nemelex Xobeh
Okawaru
Qazlal
Ru
Sif Muna
Trog
Uskayaw
Vehumet
Wu Jian
Xom
Yredelemnul
Zin
The Shining One
Beogh
Jiyva
Lugonu

Shops:
D *[?:

Annotations:
D Maurice


Innate Abilities, Weirdness & Mutations

You reflexively headbutt those who attack you in melee.
You have a pair of horns on your head.


Message History

The green death disappears in a puff of smoke!
Your Fighting skill increases to level 15!
Your Polearms skill increases to level 19!
Your Armour skill increases to level 10!
Your Unarmed Combat skill increases to level 5!
You feel a bit more experienced.
You feel sick.
Things that are here:
a robe; a halberd of venom Cast which spell? (? or * to list)
Your skin crawls.
You feel sick.
You are too injured to fight recklessly!
Attack whom?
Press: ? - help, Dir - move target cursor, f - ice dragon
Aim: an ice dragon You reach to attack!
You slice the ice dragon!!
The ice dragon is heavily wounded.
The ice dragon breathes frost at you. The blast of cold hits you!
You die...

,*,*,*,*,*,*,*,▓.▓.▓.▓.▓.▓.▓_▓
,*,*,*,*,*,*,*,▓.▓.▓)▓.▓.▓.▓_▓
,*,*,*,*,*,*,*,▓.▓.▓)▓.▓†▓.▓'▓
,*,*,*,*,*,*≈*,▓†▓.▓)▓.▓.▓.▓.▓
,*,*,*,*,*,*≈*,▓[▓.▓)▓.▓.▓.▓.▓
,*,*,*,*,*,*≈*,▓(▓.▓.▓.▓.▓.▓.▓
,*,*,*,*,*,*+*,▓(▓.▓.▓.▓.▓.▓)▓
,*,*,*,*,*,*,*,▓[▓.▓∩▓.▓.▓.▓[▓
,*,*,*,*,*,*,*,▓@▓.▓.▓.▓.▓.▓[▓
,*,*,*,*,*,*,*,▓.▓.▓∩▓.▓.▓.▓)▓
+*,*,*,*,*,*,*,▓D▓.▓.▓.▓.▓.▓.▓
,*,*,*,*,*,*,*,▓.▓.▓∩▓.▓(▓.▓.▓
,*,*,*,*,*,*,*,▓.▓.▓)▓.▓.▓.▓†▓
,*,*,*,*,*,*,*,▓.▓.▓∩▓.▓.▓.▓.▓
,*,*,*,*,*,*,*,▓.▓.▓.▓.▓.▓.▓.▓
,*,*,*,*,*,*,*,▓.▓.▓.▓.▓'▓.▓.▓
,*,*,*,*,*,*+*,▓.▓.▓.▓.▓.▓.▓.▓


You could see an ice dragon.

Vanquished Creatures
  A lich (D)
  A very ugly thing (D)
  A stone giant (D)
  A centaur warrior (D)
  A catoblepas (D)
  7 two-headed ogres (D)
  A death yak (D)
  2 ogre magi (D)
  A deep troll earth mage (D)
  Urug (D)
  4 orc knights (D)
  An orc sorcerer (D)
  2 spiny frogs (D)
  A yaktaur (shapeshifter) (D)
  A rime drake (D)
  An efreet (D)
  3 trolls (D)
  A blink frog (D)
  A hippogriff (D)
  A shadow (D)
  Eustachio (D)
  A yak (D)
  A hungry ghost (D)
  2 wargs (D)
  A water moccasin (D)
  6 porcupines (D)
  9 orc warriors (D)
  A sky beast (D)
  5 ogres (D)
  6 wolves (D)
  3 crocodiles (D)
  5 bullfrogs (D)
  A scorpion (D)
  A killer bee (D)
  2 crimson imps (D)
  4 orc wizards (D)
  2 orc priests (D)
  A worker ant (D)
  A gnoll (D)
  A dart slug (D)
  2 leopard geckos (D)
  7 orcs (D)
  A bat (D)
  A giant cockroach (D)
  2 kobolds (D)
  A leopard gecko zombie (D)
  A rat (D)
102 creatures vanquished.

Vanquished Creatures (others)
  2 spectral weapons (D)
2 creatures vanquished.

Grand Total: 104 creatures vanquished

Notes
Turn   | Place    | Note
-------+----------+-------------------------------------------
     0 | D        | emperorscorpion the Minotaur Skald began the quest for the
                  | Orb.
     0 | D        | Reached XP level 1. HP: 18/18 MP: 1/1
    26 | D        | Noticed a scorpion
    26 | D        | Noticed a worker ant
    29 | D        | Reached skill level 3 in Polearms
    29 | D        | Reached XP level 2. HP: 26/26 MP: 3/3
    35 | D        | Killed a scorpion
    35 | D        | Reached skill level 4 in Polearms
    35 | D        | Reached XP level 3. HP: 33/33 MP: 3/5
    42 | D        | Reached XP level 4. HP: 41/41 MP: 3/6
    51 | D        | Found a roughly hewn altar of Beogh.
    51 | D        | Found a snail-covered altar of Cheibriados.
    51 | D        | Found a shadowy altar of Dithmenos.
    51 | D        | Found a white marble altar of Elyvilon.
    51 | D        | Found a blossoming altar of Fedhas.
    51 | D        | Found an opulent altar of Gozag.
    52 | D        | Found a hazy altar of Hepliaklqana.
    53 | D        | Found a viscous altar of Jiyva.
    54 | D        | Found an ancient bone altar of Kikubaaqudgha.
    55 | D        | Became a worshipper of Cheibriados the Contemplative
    56 | D        | Found a corrupted altar of Lugonu.
    57 | D        | Found a burning altar of Makhleb.
    58 | D        | Found a sparkling altar of Nemelex Xobeh.
    59 | D        | Found an iron altar of Okawaru.
    60 | D        | Found a stormy altar of Qazlal.
    61 | D        | Found a sacrificial altar of Ru.
    62 | D        | Found a deep blue altar of Sif Muna.
    63 | D        | Found a bloodstained altar of Trog.
    64 | D        | Found a hide-covered altar of Uskayaw.
    65 | D        | Found a radiant altar of Vehumet.
    66 | D        | Found an ornate altar of the Wu Jian Council.
    67 | D        | Found a shimmering altar of Xom.
    68 | D        | Found a basalt altar of Yredelemnul.
    69 | D        | Found a glowing silver altar of Zin.
    70 | D        | Found a glowing golden altar of the Shining One.
   114 | D        | Learned a level 3 spell: Regeneration
   118 | D        | Learned a level 3 spell: Spectral Weapon
   120 | D        | Noticed a yak
   120 | D        | Noticed a bullfrog
   120 | D        | Noticed a sky beast
   122 | D        | Killed a yak
   122 | D        | Reached skill level 5 in Fighting
   122 | D        | Reached skill level 6 in Polearms
   122 | D        | Reached skill level 5 in Charms
   122 | D        | Reached XP level 5. HP: 36/50 MP: 0/9
   125 | D        | Reached * piety under Cheibriados
   125 | D        | Reached skill level 5 in Dodging
   125 | D        | Reached XP level 6. HP: 35/58 MP: 1/10
   128 | D        | Reached skill level 7 in Polearms
   129 | D        | Reached ** piety under Cheibriados
   132 | D        | Killed a sky beast
   174 | D        | Noticed a catoblepas
   174 | D        | Noticed a hungry ghost
   174 | D        | Noticed an efreet
   186 | D        | Killed a catoblepas
   186 | D        | Reached skill level 9 in Polearms
   186 | D        | Reached skill level 5 in Armour
   186 | D        | Reached skill level 1 in Hexes
   186 | D        | Reached skill level 1 in Necromancy
   186 | D        | Reached XP level 7. HP: 20/68 MP: 5/13
   186 | D        | Reached XP level 8. HP: 22/74 MP: 5/14
   195 | D        | Reached *** piety under Cheibriados
   195 | D        | Reached skill level 10 in Polearms
   197 | D        | Killed an efreet
   197 | D        | Reached skill level 5 in Spellcasting
   201 | D        | Reached **** piety under Cheibriados
   244 | D        | Noticed Eustachio
   249 | D        | Killed Eustachio
   249 | D        | Reached skill level 11 in Polearms
   322 | D        | Learned a level 2 spell: Shroud of Golubria
   324 | D        | Noticed a hippogriff
   325 | D        | Killed a hippogriff
   327 | D        | Reached ***** piety under Cheibriados
   327 | D        | Reached XP level 9. HP: 83/83 MP: 10/16
   329 | D        | Noticed a spiny frog
   335 | D        | Reached skill level 1 in Stealth
   338 | D        | Killed a spiny frog
   338 | D        | Reached ****** piety under Cheibriados
   338 | D        | Reached skill level 12 in Polearms
   352 | D        | Noticed a rime drake
   352 | D        | Noticed a death yak
   353 | D        | Killed a rime drake
   354 | D        | Noticed a spiny frog
   358 | D        | Reached skill level 10 in Fighting
   362 | D        | Killed a death yak
   362 | D        | Reached skill level 13 in Polearms
   362 | D        | Reached XP level 10. HP: 72/94 MP: 12/18
   367 | D        | Reached skill level 1 in Translocations
   369 | D        | Killed a spiny frog
   394 | D        | Reached skill level 14 in Polearms
   531 | D        | Noticed an orc knight
   536 | D        | Killed an orc knight
   585 | D        | Noticed an orc sorcerer
   593 | D        | Noticed an orc knight
   596 | D        | Killed an orc sorcerer
   598 | D        | Noticed an orc knight
   603 | D        | Noticed an orc knight
   607 | D        | Killed an orc knight
   607 | D        | Reached skill level 15 in Polearms
   612 | D        | Killed an orc knight
   612 | D        | Reached XP level 11. HP: 51/104 MP: 11/21
   618 | D        | Killed an orc knight
   646 | D        | Found Suufuac's General Store.
   646 | D        | Noticed a two-headed ogre
   646 | D        | Noticed a two-headed ogre
   646 | D        | Noticed a two-headed ogre
   651 | D        | Noticed a two-headed ogre
   651 | D        | Killed a two-headed ogre
   654 | D        | Killed a two-headed ogre
   654 | D        | Reached skill level 16 in Polearms
   655 | D        | Noticed a two-headed ogre
   658 | D        | Killed a two-headed ogre
   662 | D        | Killed a two-headed ogre
   664 | D        | Found Miuret's Armour Shoppe.
   666 | D        | Noticed an ogre mage
   668 | D        | Killed a two-headed ogre
   671 | D        | Noticed a two-headed ogre
   676 | D        | Killed an ogre mage
   679 | D        | Killed a two-headed ogre
   679 | D        | Reached skill level 17 in Polearms
   680 | D        | Found Joitu's Magic Scroll Emporium.
   684 | D        | Found Jebrotaw's Book Shoppe.
   690 | D        | Bought the cursed +1 ring mail of Wonder {+Blink MR+ MP+9}
                  | for 489 gold pieces
   692 | D        | Bought the +11 glaive "Miykh" {chop, +Fly rPois rC- Dex-5}
                  | for 905 gold pieces
   696 | D        | Noticed a two-headed ogre
   697 | D        | Bought a scroll of magic mapping for 49 gold pieces
   701 | D        | Killed a two-headed ogre
   732 | D        | Noticed Maurice
   796 | D        | Noticed Urug
   805 | D        | Killed Urug
   805 | D        | Reached skill level 1 in Unarmed Combat
   805 | D        | Reached skill level 10 in Charms
   868 | D        | Got the +2 plate armour of the Armadillo {Regen+}
   908 | D        | Upgraded the game from 0.23-a0-270-gab6feb3 to
                  | 0.23-a0-275-g0cf4261
   908 | D        | Noticed a centaur warrior
   914 | D        | Noticed a deep troll earth mage
   919 | D        | Noticed a green very ugly thing
   923 | D        | Killed a centaur warrior
   923 | D        | Reached XP level 12. HP: 80/116 MP: 21/23
   925 | D        | Noticed a stone giant
   928 | D        | Killed a green very ugly thing
   928 | D        | Reached skill level 18 in Polearms
   931 | D        | Noticed an ogre mage
   936 | D        | Killed a deep troll earth mage
   941 | D        | Killed a stone giant
   941 | D        | Reached skill level 5 in Evocations
   950 | D        | Killed an ogre mage
   954 | D        | Noticed a lich
   955 | D        | Noticed an ice dragon
   956 | D        | Noticed a green death
   967 | D        | Killed a lich
   967 | D        | Reached skill level 15 in Fighting
   967 | D        | Reached skill level 19 in Polearms
   967 | D        | Reached skill level 10 in Armour
   967 | D        | Reached skill level 5 in Unarmed Combat
   970 | D        | Killed from afar by an ice dragon

Vault maps used:
D:        linesprint

Skill      XL: |  1  2  3  4  5  6  7  8  9 10 11 12 |
---------------+-------------------------------------+-----
Fighting       | 3 4 5 6 8 9 10 11 13 15 | 15.1
Polearms       | 3 4 6 9 11 13 15 17 19 | 19.3
Dodging        | 3 4 5 6 7 8 9 |  9.8
Spellcasting   | 2 3 4 5 6 7 8 |  8.8
Charms         | 3 4 5 7 8 9 10 | 10.0
Armour         | 2 3 5 6 7 8 10 | 10.4
Hexes          | 1 2 3 4 |  4.2
Necromancy     | 1 2 4 |  4.3
Evocations     | 2 3 4 5 |  5.4
Stealth        | 2 4 |  4.0
Translocations | 2 |  2.5
Unarmed Combat | 2 5 |  5.5

Action                   |  1- 3 |  4- 6 |  7- 9 | 10-12 || total
-------------------------+-------+-------+-------+-------++-------
Melee: Spear             |    28 |     1 |       |       ||    29
       Headbutt          |     2 |       |    16 |    43 ||    61
       Halberd           |       |    14 |    35 |   115 ||   164
       Unarmed           |       |       |       |    18 ||    18
       Glaive            |       |       |       |    48 ||    48
 Cast: Spectral Weapon   |       |     2 |     4 |    12 ||    18
       Regeneration      |       |     3 |     1 |    13 ||    17
       Shroud of Golubri |       |       |     2 |     4 ||     6
Evoke: Staff of energy   |       |     7 |       |       ||     7
       Wand              |       |       |       |     6 ||     6
  Use: Potion            |     1 |       |     2 |     1 ||     4
       Scroll            |       |       |       |     2 ||     2
 Stab: Sleeping          |       |       |     2 |       ||     2
  Eat: Chunk             |       |       |     1 |     1 ||     2
Armor: Leather armour    |     5 |       |       |       ||     5
       Ring mail         |       |     4 |     4 |     7 ||    15
       Chain mail        |       |       |       |    10 ||    10
Dodge: Dodged            |    11 |     7 |    11 |    73 ||   102

Table legend:
 A = Non-vault XP
 B = Vault XP
 C = Vault XP percentage of total XP
 D = Non-vault monster count
 E = Vault monster count
 F = Vault count percentage of total count
                 A         B        C        D         E       F
            +---------+---------+-------+---------+---------+-------
      Total |       0 |   30507 | 100.0 |       0 |     102 | 100.0
            +---------+---------+-------+---------+---------+-------
          D |       0 |   30507 | 100.0 |       0 |     102 | 100.0
            +---------+---------+-------+---------+---------+-------
